 Dungeon Crawl Stone Soup version 0.23-a0-183-gf37f6fb109 (webtiles) character file.

114 Anathary the Sneak (level 4, -2/23 HPs)
             Began as a Vine Stalker Assassin on Sept 21, 2018.
             Slain by a gnoll
             ... wielding a +0 spear
              (7 damage)
             ... on level 2 of the Dungeon.
             The game lasted 00:05:16 (1791 turns).

Anathary the Sneak (Vine Stalker Assassin)          Turns: 1791, Time: 00:05:17

Health: -2/23      AC:  3    Str: 13    XL:     4   Next: 97%
Magic:  0/5        EV: 12    Int: 11    God:
Gold:   24         SH:  0    Dex: 17    Spells: 3/3 levels left

rFire    . . .     SeeInvis .   a - +2 dagger
rCold    . . .     Gourm    .   (no shield)
rNeg     . . .     Faith    .   c - +0 robe
rPois    .         Spirit   +   (no helmet)
rElec    .         Reflect  .   d - +0 cloak
rCorr    .         Harm     .   (no gloves)
MR       .....                  (no boots)
Stlth    ++++......             (no amulet)
HPRegen  0.47/turn              (no ring)
MPRegen  0.09/turn              (no ring)

@: no status effects
A: fangs 2, regeneration 1, magic shield, antimagic bite, no potion heal 3, rot
immunity
a: no special abilities


You were on level 2 of the Dungeon.
You were not hungry.

You visited 1 branch of the dungeon, and saw 2 of its levels.

You collected 24 gold pieces.

Inventory:

Hand Weapons
 a - a +2 dagger (weapon)
 b - a +0 blowgun
Missiles
 e - 8 poisoned needles
 f - 2 curare-tipped needles
Armour
 c - a +0 robe (worn)
 d - a +0 cloak (worn)
Scrolls
 h - a scroll of identify {unknown}
 i - 4 scrolls of remove curse {unknown}
 j - a scroll of enchant weapon {unknown}
 k - a scroll of amnesia {unknown}
Potions
 l - a potion of curing {unknown}
Comestibles
 g - 2 rations


   Skills:
 + Level 2.3 Fighting
 + Level 2.2 Short Blades
 - Level 2.1 Throwing
 + Level 1.1 Dodging
 + Level 6.7 Stealth


You had 3 spell levels left.
You didn't know any spells.
Your spell library was empty.

Dungeon Overview and Level Annotations

Branches:
Dungeon (2/15)

Altars:
Xom


Innate Abilities, Weirdness & Mutations

You have extremely sharp teeth.
Your natural rate of healing is unusually fast.
When hurt, damage is shared between your health and your magic reserves.
Your bite disrupts and absorbs the magic of your enemies.
Potions cannot restore your health.
You are immune to rotting.


Message History

The gnoll is almost dead.
The gnoll closely misses you.
The gnoll hits you from afar with a spear.
* * * LOW HITPOINT WARNING * * *
The gnoll shouts!
You hit the gnoll.
You kill the gnoll!
The gnoll throws a throwing net.
The throwing net barely misses you. The gnoll closely misses you.
You see here a halberd.
You hit the gnoll. Your bite misses the gnoll.
The gnoll is moderately wounded.
The gnoll barely misses you. The gnoll closely misses you.
You hit the gnoll. Your bite misses the gnoll.
The gnoll is heavily wounded.
The gnoll closely misses you. x2
You hit the gnoll. You bite the gnoll, but do no damage.
The gnoll is almost dead.
The gnoll hits you with a spear!
You die...

# # #..####### .... #
<.#...... .... # #.......#
..... #######
.......##+#.... ......#
.g........... .####.# #.#
#g....#
....#.#######.###.....#
...............g@>....#
.#..#.#.......###.....#
...[#.#.####### #.(...#
...##.#.# #########
......#.# #......#
##.##.#.#######......# .#
#.##........##......####.#
#.##........##......##...#
#..#........#..........#.#


You could see 2 gnolls.

Vanquished Creatures
  Jessica (D:2)
  An orc wizard (D:2)
  A gnoll (D:2)
  2 oozes
  An adder skeleton (D:2)
  3 dart slugs (D:1)
  3 leopard geckos
  3 orcs (D:2)
  A giant cockroach (D:1)
  3 goblins (D:1)
  2 hobgoblins (D:2)
  5 jackals
  2 ball pythons (D:1)
  3 rats (D:1)
31 creatures vanquished.

Notes
Turn   | Place    | Note
-------+----------+-------------------------------------------
     0 | D:1      | Anathary the Vine Stalker Assassin began the quest for the
                  | Orb.
     0 | D:1      | Reached XP level 1. HP: 11/11 MP: 2/2
   181 | D:1      | Reached skill level 5 in Stealth
   186 | D:1      | Reached XP level 2. HP: 8/15 MP: 3/3
   335 | D:1      | Found a shimmering altar of Xom.
   746 | D:1      | Reached XP level 3. HP: 18/18 MP: 4/4
  1148 | D:2      | Noticed Jessica
  1159 | D:2      | Killed Jessica
  1159 | D:2      | Reached skill level 6 in Stealth
  1383 | D:2      | Gained mutation: Your natural rate of healing is unusually
                  | fast. [Vine Stalker growth]
  1383 | D:2      | Reached XP level 4. HP: 23/23 MP: 5/5
  1633 | D:2      | Reached skill level 1 in Dodging
  1791 | D:2      | Slain by a gnoll

Vault maps used:
D:1:      sevenhm_arrival_forest_fort_large_1, xom_teletrap_fun
D:2:      cheibriados_altar_1, minivault_26, minmay_goblin_outpost, uniq_jessica

Skill      XL: |  1  2  3  4 |
---------------+-------------+-----
Fighting       | 2 |  2.3
Stealth        | 5 6 |  6.7
Throwing       | 2 |  2.1
Short Blades   | 2 |  2.2
Dodging        | 1 |  1.1

Action                   |  1- 3 |  4- 6 || total
-------------------------+-------+-------++-------
Melee: Dagger            |    47 |    64 ||   111
       Bite              |    21 |    19 ||    40
 Stab: Sleeping          |     7 |     1 ||     8
  Eat: Ration            |     1 |       ||     1
Armor: Robe              |     6 |     9 ||    15
Dodge: Dodged            |    17 |    27 ||    44

Table legend:
 A = Non-vault XP
 B = Vault XP
 C = Vault XP percentage of total XP
 D = Non-vault monster count
 E = Vault monster count
 F = Vault count percentage of total count
                 A         B        C        D         E       F
            +---------+---------+-------+---------+---------+-------
      Total |     124 |      39 |  23.9 |      28 |       3 |   9.7
            +---------+---------+-------+---------+---------+-------
        D:1 |      39 |       2 |   4.9 |      15 |       2 |  11.8
        D:2 |      85 |      37 |  30.3 |      13 |       1 |   7.1
            +---------+---------+-------+---------+---------+-------
